AoeStats
← Rambao

Arena

508673461Analyzed
4v4 RM · 9d ago on Sep 23, 2026· 50m 46s· 8 players
Game mode
Random Map
Map size
Large (8 player)
Population
200
Speed
Normal
Resources
Standard
Victory
Conquest
Starting age
Dark Age
Ending age
Imperial Age
RankedLock teamsTeams togetherTeam positionsShared explorationLock speedFull tech treeHidden civsTurbo modeCheats
Victory
Defeat
🇮🇳 Teutons · India
704
+9
🇮🇳 Britons · India
698
+9
🇮🇳 Tatars · India
687
+9
🇮🇳 Jurchens · India
667
+10
🇫🇷 Danes · France
626
-12
612
-12
🇨🇳 Teutons · China
465
-7
🇮🇹 Britons · Italy
408
-6
hallerpeter14
10:43 Loom
13:38 Feudal Age
17:10 Arson
16:46 Man-at-Arms
17:26 Double-Bit Axe
17:26 Horse Collar
19:08 Gold Mining
19:15 Stone Mining
25:27 Castle Age
23:21 Fletching
23:32 Padded Archer Armor
28:08 Gold Shaft Mining
27:46 Bow Saw
27:36 Bodkin Arrow
27:57 Leather Archer Armor
27:11 Long Swordsman
28:01 Heavy Plow
33:33 Imperial Age
31:28 Gambesons
35:16 Two-Man Saw
33:45 Two-Handed Swordsman
37:08 Champion
38:27 Wheelbarrow
Longbowhemian Rhapsody
0:56 Loom
10:08 Feudal Age
10:47 Double-Bit Axe
11:51 Stone Mining
13:50 Horse Collar
20:20 Castle Age
19:23 Scale Mail Armor
19:29 Scale Barding Armor
22:37 Squires
22:24 Arson
22:54 Forging
23:24 Gambesons
24:31 Bow Saw
24:30 Heavy Plow
27:40 Hamask
28:24 Pikeman
28:25 Man-at-Arms
29:51 Chain Mail Armor
30:43 Wheelbarrow
30:52 Caravan
32:31 Hand Cart
35:33 Thumb Ring
39:07 Imperial Age
36:29 Fletching
36:40 Padded Archer Armor
39:02 Iron Casting
38:48 Chain Barding Armor
38:23 Bodkin Arrow
40:04 Ballistics
40:39 Elite Varangian Guard
41:43 Conscription
42:28 Blast Furnace
41:58 Plate Mail Armor
41:31 Bracer
41:11 Cranequins
42:16 Crossbowman
44:55 Halberdier
47:05 Chemistry
46:51 Elite Skirmisher
48:27 Capped Ram
All Along the Watchtower
1:29 Loom
1:37 Loom
12:54 Feudal Age
14:12 Wheelbarrow
13:25 Double-Bit Axe
14:53 Horse Collar
23:04 Castle Age
22:32 Man-at-Arms
23:28 Gold Mining
23:29 Stone Mining
24:06 Bow Saw
25:39 Heavy Plow
27:03 Gold Shaft Mining
27:16 Stone Shaft Mining
29:12 Long Swordsman
32:09 Caravan
36:42 Murder Holes
39:45 Imperial Age
37:32 Hand Cart
39:59 Forging
39:50 Scale Mail Armor
39:50 Padded Archer Armor
39:41 Fletching
42:52 Crop Rotation
42:16 Two-Handed Swordsman
44:44 Chemistry
44:05 Ballistics
43:18 Champion
47:09 Iron Casting
46:49 Chain Mail Armor
46:40 Scale Barding Armor
狄奥德米将军
14:24 Feudal Age
17:29 Stone Mining
17:30 Gold Mining
17:25 Horse Collar
17:34 Double-Bit Axe
21:54 Castle Age
20:07 Horse Collar
21:44 Scale Mail Armor
21:54 Forging
23:41 Stone Shaft Mining
23:17 Heavy Plow
23:31 Bow Saw
26:45 Squires
29:24 Iron Casting
29:06 Chain Mail Armor
30:27 Arson
33:28 Imperial Age
31:42 Wheelbarrow
32:21 Fletching
32:31 Padded Archer Armor
33:51 Ironclad
33:45 Bloodlines
33:53 Bodkin Arrow
34:13 Leather Archer Armor
33:27 Elite Skirmisher
34:38 Conscription
35:31 Crop Rotation
36:13 Two-Man Saw
37:17 Fortified Wall
37:29 Caravan
39:56 Blast Furnace
39:27 Plate Mail Armor
39:29 Ring Archer Armor
40:19 Ballistics
41:02 Chemistry
40:44 Hand Cart
43:45 Elite Genitour
44:48 Masonry
45:01 Elite Teutonic Knight
46:10 Scale Barding Armor
47:59 Crenellations
48:15 Hoardings
47:33 Arrowslits
RizzThin
11:56 Feudal Age
10:17 Loom
13:13 Town Watch
16:25 Castle Age
14:35 Double-Bit Axe
17:39 Fletching
19:57 Padded Archer Armor
24:54 Bow Saw
26:33 Horse Collar
26:46 Crossbowman
28:58 Heavy Plow
29:54 Ballistics
29:30 Murder Holes
30:32 Wheelbarrow
30:33 Town Patrol
30:58 Bodkin Arrow
31:25 Leather Archer Armor
33:19 Forging
33:10 Scale Mail Armor
36:26 Imperial Age
34:13 Fortified Wall
33:45 Treadmill Crane
36:51 Masonry
37:21 Iron Casting
37:01 Chain Mail Armor
38:35 Two-Man Saw
38:41 Conscription
38:32 Herbal Medicine
39:46 Chemistry
39:12 Bracer
39:42 Ring Archer Armor
39:51 Architecture
40:10 Gold Mining
40:11 Stone Mining
43:00 Blast Furnace
42:31 Plate Mail Armor
41:29 Arbalester
43:20 Elite Longbowman
44:32 Warwolf
45:19 Caravan
47:22 Yeomen
HIMMY SIDEYE BUCKETS
10:00 Loom
12:08 Feudal Age
14:19 Double-Bit Axe
14:21 Horse Collar
15:25 Horse Collar
18:02 Castle Age
16:28 Stone Mining
18:09 Gold Mining
19:33 Bow Saw
24:42 Gold Shaft Mining
24:43 Stone Shaft Mining
24:09 Fletching
24:36 Padded Archer Armor
27:24 Husbandry
28:16 Leather Archer Armor
30:51 Bloodlines
33:08 Siege Engineers
32:45 Treadmill Crane
33:02 Murder Holes
33:34 Caravan
35:06 Wheelbarrow
35:23 Herbal Medicine
36:13 Hand Cart
36:21 Bodkin Arrow
37:23 Ballistics
37:39 Forging
37:35 Scale Barding Armor
39:50 Iron Casting
39:36 Chain Barding Armor
42:52 Imperial Age
40:09 Town Watch
43:32 Elite Skirmisher
44:55 Conscription
44:46 Thunderclap Bombs
44:00 Elite Iron Pagoda
45:16 Hoardings
45:29 Bracer
45:40 Elite Steppe Lancer
49:19 Heavy Plow
50:33 Two-Man Saw
50:53 Ring Archer Armor
51:24 Blast Furnace
51:29 Chemistry
50:20 Capped Ram
50:21 Heavy Rocket Cart
ThunderThumsUp
0:41 Loom
10:47 Feudal Age
15:59 Horse Collar
16:09 Double-Bit Axe
18:17 Wheelbarrow
19:14 Scale Barding Armor
19:31 Bloodlines
19:45 Fletching
19:55 Padded Archer Armor
25:51 Castle Age
27:34 Leather Archer Armor
27:15 Bodkin Arrow
27:41 Chain Barding Armor
27:00 Crossbowman
29:10 Murder Holes
29:37 Ballistics
35:27 Gold Mining
35:28 Stone Mining
35:37 Stone Mining
40:34 Imperial Age
37:54 Treadmill Crane
38:25 Husbandry
39:51 Hand Cart
39:04 Elite Skirmisher
42:07 Elite Keshik
44:08 Timurid Siegecraft
45:54 Chemistry
46:23 Conscription
46:23 Heavy Cavalry Archer
Rambao
4:35 Loom
10:50 Feudal Age
11:25 Double-Bit Axe
15:23 Horse Collar
16:57 Man-at-Arms
18:44 Stone Mining
19:25 Scale Mail Armor
19:36 Forging
24:28 Castle Age
22:59 Gold Mining
26:01 Bloodlines
25:40 Gambesons
25:17 Long Swordsman
26:10 Scale Barding Armor
26:52 Bow Saw
27:58 Stone Shaft Mining
28:19 Heavy Plow
29:08 Wheelbarrow
28:38 Caravan
34:08 Fortified Wall
34:18 Ballistics
35:50 Hand Cart
35:21 Town Watch
37:08 Town Patrol
38:23 Chain Mail Armor
40:06 Masonry
43:27 Imperial Age
44:14 Heavy Scorpion
45:31 Conscription
45:35 Elite Teutonic Knight
47:03 Ballistics
48:18 Iron Casting
48:33 Plate Mail Armor
48:13 Siege Engineers
Connection lost

Rejoining the realm…

Still unreachable

The connection could not be restored.

Session expired

The server has moved on; the page needs a fresh start.